 Dungeon Crawl Stone Soup version 0.30-a0-860-g512cf1e979 (webtiles) character file.

Game seed: 5959110692159576892

109 Darius099 the Caller (level 4, 0/27 HPs)
             Began as an Octopode Summoner on Mar 8, 2023.
             Slain by an ogre
             ... wielding a +0 giant club
              (5 damage)
             ... on level 4 of the Dungeon.
             The game lasted 00:16:03 (2405 turns).

Darius099 the Caller (Octopode Summoner)            Turns: 2405, Time: 00:16:04

Health: 0/27       AC:  1    Str:  7    XL:     4   Next: 90%
Magic:  6/8        EV: 13    Int: 19    God:
Gold:   165        SH:  0    Dex: 12    Spells: 8/9 levels left

rFire   . . .      SeeInvis .    b - +0 whip (venom)
rCold   . . .      Faith    .    (no shield)
rNeg    . . .      Spirit   .    (helmet restricted)
rPois   .          Reflect  .    (no amulet)
rElec   .          Rampage  .    (no ring)
rCorr   .                        (no ring)
Will    .....                    (no ring)
Stlth   ++++                     (no ring)
HPRegen 0.24/turn                (no ring)
MPRegen 0.11/turn                (no ring)
                                 (no ring)
                                 (no ring)

@: no status effects
A: almost no armour, amphibious, 8 rings, camouflage 1, gelatinous body 1,
(nimble swimmer 1), tentacles
a: no special abilities


You were on level 4 of the Dungeon.
You visited 1 branch of the dungeon, and saw 4 of its levels.

You collected 165 gold pieces.

Inventory:

Hand Weapons
 b - a +0 whip of venom (weapon)
Scrolls
 d - 5 scrolls of identify {unknown}
 e - a scroll of butterflies {unknown}
 h - 2 scrolls of fear {unknown}
 i - 2 scrolls of enchant weapon {unknown}
 j - a scroll of magic mapping {unknown}
 m - a scroll of brand weapon {unknown}
Potions
 a - a potion of magic
 c - 3 potions of heal wounds {unknown}
 f - 2 potions of resistance
 g - a potion of degeneration {unknown}
 k - a potion of curing {unknown}
 l - 2 potions of invisibility {unknown}


   Skills:
 - Level 2.0 Dodging
 + Level 4.6 Stealth
 + Level 3.0 Spellcasting
 + Level 4.7 Summonings


You had 8 spell levels left.
You knew the following spells:

 Your Spells              Type           Power      Damage    Failure   Level
a - Summon Small Mammal   Summ           80%        N/A       2%          1

Your spell library contained the following spells:

 Spells                   Type           Power      Damage    Failure   Level
 Call Imp                 Summ           20%        N/A       3%          2
 Call Canine Familiar     Summ           20%        N/A       6%          3
 Summon Guardian Golem    Hex/Summ       11%        N/A       17%         3
 Summon Lightning Spire   Summ/Air       11%        N/A       50%         4


Dungeon Overview and Level Annotations

Branches:
Dungeon (4/15)
 Temple: D:4-7

Altars:
Fedhas
Nemelex Xobeh


Innate Abilities, Weirdness & Mutations

You cannot wear most types of armour.
You are amphibious.
You can wear up to eight rings at the same time.
Your skin changes colour to match your surroundings (Stealth+).
Your rubbery body absorbs attacks. (AC +1, EV +1)
((You are camouflaged when in or above water. (Stealth+)))
You have tentacles for arms and can constrict up to eight enemies at once.


Message History

You kill the worm!
No target in view!
No target in view!
You now have 144 gold pieces (gained 18).
You now have 154 gold pieces (gained 10).
You hear the slow rusting of a drain very nearby.
m - a scroll labelled KUCEXE VUAWA
Found 11 gold pieces.
Found a scroll labelled KIMIAPS YRUKO.
You now have 165 gold pieces (gained 11).
Found 2 scrolls labelled DIGYED LEUMYBA.
Found a scratched cabochon ring.
An ogre comes into view. It is wielding a +0 giant club.
A ball python comes into view.
You see here a scroll labelled KIMIAPS YRUKO.
Casting: Summon Small Mammal (safe; 2% risk of failure)
Confirm with . or Enter, or press ? or * to list all spells.
Casting: Summon Small Mammal (safe; 2% risk of failure)
Confirm with . or Enter, or press ? or * to list all spells.
Your bat closely misses the ogre.
The ogre hits your quokka with a +0 giant club!
Your quokka dies!
Your quokka's corpse disappears in a puff of smoke!
Your bat hits the ogre. Your bat hits the ogre.
Your bat hits the ogre but does no damage.
Casting: Summon Small Mammal (safe; 2% risk of failure)
Confirm with . or Enter, or press ? or * to list all spells.
The ogre hits you with a +0 giant club!!
Ouch! That really hurt!
* * * LOW HITPOINT WARNING * * *
Your bat closely misses the ogre.
Your bat hits the ogre but does no damage.
Your bat completely misses the ogre.
Your bat hits the ogre.
Your bat hits the ogre but does no damage. x2
Your bat closely misses the ogre.
Your bat hits the ogre.
Your bat barely misses the ogre.
Your bat closely misses the ogre.
The ogre attacks as you move away! The ogre hits you with a +0 giant club.
You die...

..........##
...........#####..
...<..........#...
...........##.....
................#
...........###..#####
...........# #..##..#
...........###..##..#
..#..<...#..#...@...#
##~~...####...###O.b#
~.~~~...###..####b..##
≈≈~.###.........##...#
##### #..............+
#...<.......##.#
#...........##.###
#..................
##..........##.##.#


You could see an ogre (ally target) and 2 friendly bats.

Vanquished Creatures
  3 adders (D:2)
  2 worms
  A dart slug (D:1)
  2 orcs (D:3)
  2 bats
  An endoplasm (D:1)
  2 giant cockroaches
  3 goblins
  4 hobgoblins
  3 kobolds
  4 quokkas
  2 ball pythons (D:4)
  A frilled lizard (D:1)
  3 rats
33 creatures vanquished.

Vanquished Creatures (collateral kills)
  3 orcs (D:3)
  4 bats (D:1)
  5 endoplasms (D:1)
  4 goblins
  A hobgoblin (D:3)
  3 quokkas
  3 ball pythons
  4 frilled lizards
  3 kobolds
  3 rats
33 creatures vanquished.

Grand Total: 66 creatures vanquished

Notes
Turn   | Place    | Note
-------+----------+-------------------------------------------
     0 | D:1      | Darius099 the Octopode Summoner began the quest for the
                  | Orb.
     0 | D:1      | Reached XP level 1. HP: 11/11 MP: 3/3
    20 | D:1      | You fall into a shaft and drop 1 floor!
   165 | D:2      | Reached XP level 2. HP: 16/17 MP: 1/5
   291 | D:1      | Reached XP level 3. HP: 20/21 MP: 4/6
  1041 | D:2      | Noticed a shining eye
  1043 | D:2      | Found a faded altar of an unknown god.
  1048 | D:2      | Reached XP level 4. HP: 23/27 MP: 8/8
  1065 | D:2      | Noticed a great orb of eyes
  1065 | D:2      | Noticed a golden eye
  1065 | D:2      | Noticed a shining eye
  2135 | D:3      | Found a sparkling altar of Nemelex Xobeh.
  2174 | D:3      | Found a blossoming altar of Fedhas.
  2388 | D:4      | Noticed an ogre
  2405 | D:4      | Slain by an ogre

Illustrated notes

Levels and vault maps discovered:
D:1:      wander_arrival_desolate, layout_basic, minmay_tromino_v4_b
D:2:      layout_loops_ring, hellmonk_ecumenical_altar_watching_god,
          grunt_decor_fettered
D:3:      layout_rooms, mainiacjoe_overflow_alcove_1,
          nemelex_xobeh_ov_fountains_minmay
D:4:      layout_rooms, led_sif_book, gup_sewer_entry_pipe, saegor_snake_ambush

Skill      XL: |  1  2  3  4 |
---------------+-------------+-----
Stealth        | 3 4 |  4.6
Spellcasting   | 3 |  3.0
Dodging        | |  2.0
Summonings     | |  4.7

Action                     |  1- 3 |  4- 6 || total
---------------------------+-------+-------++-------
  Melee: Unarmed           |    11 |       ||    11
         Constrict         |    14 |    11 ||    25
         Whip              |    37 |    32 ||    69
         Tentacles         |    10 |     7 ||    17
   Cast: Summon Small Mamm |    32 |    24 ||    56
   Stab: Sleeping          |     3 |     4 ||     7
         Distracted        |     1 |       ||     1
 Armour: Skin              |    10 |     5 ||    15
  Dodge: Dodged            |    42 |    28 ||    70

Table legend: (Time is in decaauts)
 A = Elapsed time spent in this place.
 B = Non-inter-level travel time spent in this place.
 C = Inter-level travel time spent in this place.
 D = Time resting spent in this place.
 E = Time spent auto-exploring this place.
 F = Levels seen in this place.
 G = Mean time per level.
                   A        B        C        D        E       F      G
               +--------+--------+--------+--------+--------+-----+--------+
         Total |   2413 |   2322 |     91 |    334 |    715 |   4 |  603.2 |
       Dungeon |   2413 |   2322 |     91 |    334 |    715 |   4 |  603.2 |
               +--------+--------+--------+--------+--------+-----+--------+

Top non-repeatable levels by time:
     D:2: 990 daAuts
     D:1: 751 daAuts
     D:3: 582 daAuts
     D:4: 89 daAuts
